[Event "Titled Tuesday Blitz December 13 Late 2022"]
[White "Janaszak, Dawid"]
[Black "Adury, Anant"]
[WhiteFideId "1119206"]
[BlackFideId "30964687"]
[WhiteElo "2220"]
[BlackElo "2153"]
[Result "0-1"]
[Round "01"]
[TimeControl "180+1"]
[Date "2022.12.14"]
[WhiteClock "0:00:10"]
[BlackClock "0:00:08"]

1. e4 d6 2. Nc3 e5 3. Nge2 Nf6 4. g3 Nc6 5. Bg2 Bg4 6. h3 Be6 7. d4 exd4 8. Nxd4 Nxd4 9. Qxd4 Be7 10. Be3 O-O 11. O-O Nd7 12. f4 Bf6 13. Qd2 Nb6 14. b3 Re8 15. Rad1 Qe7 16. Bd4 Bxd4+ 17. Qxd4 f6 18. Kh2 Rad8 19. Rfe1 Qf7 20. a4 a6 21. a5 Nd7 22. Nd5 Bxd5 23. exd5 Rxe1 24. Rxe1 Re8 25. Re6 Nf8 26. f5 Nxe6 27. dxe6 Qe7 28. Bxb7 g6 29. g4 gxf5 30. gxf5 d5 31. Qxd5 Rd8 32. Qg2+ Kh8 33. Be4 Qd6+ 34. Qg3 Qd2+ 35. Bg2 Rg8 36. Qf3 Qxc2 37. e7 Qd2 38. Qe4 Qd6+ 39. Kh1 Qd1+ 40. Kh2 Qd6+ 41. Kh1 Re8 42. Qe6 Qxe6 43. fxe6 Rxe7 44. Bd5 f5 45. Bc4 Kg7 46. Kg2 Kf6 47. Bxa6 Rxe6 48. Bb7 Re2+ 49. Kf1 Ra2 50. b4 c5 51. bxc5 Rxa5 52. c6 Rc5 53. Kf2 Rc3 54. h4 Ke7 55. Ke2 Kd6 56. Kf2 Rh3 57. Bc8 Rxh4 58. Kg3 Rg4+ 59. Kf3 Rb4 60. Bxf5 h5 61. Bd7 Rc4 62. Kg3 Rc5 63. Kh4 Ke7 64. Kg3 Kf6 65. Kh4 Kg6 66. Be8+ Kh6 67. Bd7 Rc4+ 68. Kh3 Kg5 69. Kg3 h4+ 70. Kh3 Rc3+ 71. Kh2 Kf4 72. Kg2 Kg5 73. Kh2 Rc5 74. Kh3 Rc4 75. Kh2 Rc3 76. Kg2 Kf6 77. Kh2 Ke5 78. Kg2 Kd6 79. Kh2 Kc7 80. Kg2 Rg3+ 81. Kh2 Kd8 82. Be6 Ke7 83. Bd7 Kd6 84. Be8 Rg8 85. Bd7 Rg7 86. Kh3 Rh7 87. Be8 Kc7 88. Bg6 Rg7 89. Be4 Re7 90. Bg2 Re3+ 91. Kxh4 Re2 92. Bf3 Re8 93. Kg3 Rf8 94. Kf2 Rg8 95. Ke3 Rf8 96. Be4 Re8 97. Kf4 Rd8 98. Bf3 Rb8 99. Be4 Rb6 100. Bf3 Rb4+ 101. Be4 Rb2 102. Ke5 Rb8 103. Bd5 Rd8 104. Be4 Re8+ 105. Kf4 Kd6 106. Kf3 Ke5 107. Bd3 Kd5 108. Bb5 Kc5 109. Ba4 Ra8 110. c7 Rc8 111. Bc2 Rxc7 112. Be4 Kd4 113. Bf5 Ke5 114. Kg4 Rg7+ 115. Kh5 Kxf5 0-1


[Site "https://www.chess.com"]

[Event "Titled Tuesday Blitz December 13 Late 2022"]
[White "Jaracz, Pawel"]
[Black "Bogaudinov, Rushan"]
[WhiteFideId "1102222"]
[BlackFideId "4129288"]
[WhiteElo "2740"]
[BlackElo "2406"]
[Result "1-0"]
[Round "01"]
[TimeControl "180+1"]
[Date "2022.12.14"]
[WhiteClock "0:01:04"]
[BlackClock "0:00:02"]

1. e4 a6 2. Nf3 e6 3. d4 d5 4. Nc3 Bb4 5. e5 c5 6. a3 Bxc3+ 7. bxc3 Ne7 8. h4 Nbc6 9. h5 h6 10. a4 Qa5 11. Bd2 Qc7 12. Bd3 Rb8 13. O-O Na5 14. Nh4 Bd7 15. Qg4 Kf8 16. f4 cxd4 17. cxd4 Nc4 18. Bb4 Ne3 19. Bxe7+ Kxe7 20. Qxg7 Rbg8 21. Qf6+ Ke8 22. Ng6 Qd8 23. Qxd8+ Kxd8 24. Nxh8 Rxh8 25. Rf3 Nc4 26. Rg3 Ke7 27. Rb1 b5 28. axb5 Bxb5 29. f5 exf5 30. Bxf5 Nd2 31. Rd1 Nc4 32. Bd3 Rc8 33. Rf1 Nd2 34. Rf2 Bxd3 35. Rxd2 Bc4 36. Rf2 a5 37. Rf6 a4 38. Ra3 Bb5 39. c3 Bc6 40. Rxh6 1-0


[Site "https://www.chess.com"]

[Event "Titled Tuesday Blitz December 13 Late 2022"]
[White "Jarocka, Liwia"]
[Black "Korchmar, Vasiliy"]
[WhiteFideId "21807558"]
[BlackFideId "24131750"]
[WhiteElo "2406"]
[BlackElo "2744"]
[Result "0-1"]
[Round "01"]
[TimeControl "180+1"]
[Date "2022.12.14"]
[WhiteClock "0:00:05"]
[BlackClock "0:00:35"]

1. e4 c5 2. Nf3 d6 3. d4 cxd4 4. Nxd4 Nf6 5. Nc3 Nc6 6. Bg5 Bd7 7. Qd2 a6 8. O-O-O e6 9. f4 Be7 10. Kb1 b5 11. Bxb5 axb5 12. Ndxb5 O-O 13. Nxd6 Qa5 14. Bxf6 Bxf6 15. e5 Be7 16. Nb7 Qb6 17. Qxd7 Ba3 18. b3 Ra7 19. Qd3 Rxb7 20. Rhe1 Qa5 21. Ne2 Ra8 22. Qc4 Bb4 23. a4 Bxe1 24. Qxc6 Rbb8 25. Nd4 Bc3 26. Nb5 Rxb5 27. Qxb5 Qxb5 0-1


[Site "https://www.chess.com"]

[Event "Titled Tuesday Blitz December 13 Late 2022"]
[White "Jimenez Almeida, Luis David"]
[Black "Kamsky, Gata"]
[WhiteFideId "22242244"]
[BlackFideId "2000024"]
[WhiteElo "2158"]
[BlackElo "2666"]
[Result "0-1"]
[Round "01"]
[TimeControl "180+1"]
[Date "2022.12.13"]
[WhiteClock "0:00:12"]
[BlackClock "0:01:00"]

1. e4 c5 2. Nc3 e6 3. g3 Nc6 4. Bg2 g6 5. Nge2 Bg7 6. d3 d6 7. O-O Nge7 8. Be3 e5 9. f4 exf4 10. Bxf4 O-O 11. Qd2 Be6 12. Nd5 Bxd5 13. exd5 Nd4 14. c3 Nxe2+ 15. Qxe2 Qd7 16. Rae1 Rae8 17. Qd2 Kh8 18. Bh6 Ng8 19. Bg5 h6 20. Be3 Kh7 21. d4 c4 22. Bf4 b5 23. Rf2 h5 24. Rfe2 Bh6 25. Bxh6 Nxh6 26. Qg5 Rxe2 27. Rxe2 Re8 28. Bh3 f5 29. Qd2 Kg7 30. Qe1 Kf7 31. Rxe8 Qxe8 32. Qxe8+ Kxe8 33. Kf2 Ng4+ 34. Bxg4 hxg4 35. Kg2 Ke7 36. Kf2 g5 37. Ke3 Kf6 38. b3 cxb3 39. axb3 a5 40. Kd3 f4 41. gxf4 gxf4 42. Ke4 f3 43. Ke3 a4 44. bxa4 bxa4 45. c4 a3 46. c5 Ke7 0-1


[Site "https://www.chess.com"]

[Event "Titled Tuesday Blitz December 13 Late 2022"]
[White "Kanyamarala, Tarun"]
[Black "Samsonkin, Artiom"]
[WhiteFideId "45004714"]
[BlackFideId "13503111"]
[WhiteElo "2305"]
[BlackElo "2524"]
[Result "0-1"]
[Round "01"]
[TimeControl "180+1"]
[Date "2022.12.14"]
[WhiteClock "0:00:07"]
[BlackClock "0:00:23"]

1. e4 c5 2. Nf3 d6 3. Nc3 Nf6 4. e5 dxe5 5. Nxe5 Nfd7 6. Nf3 Nc6 7. Bb5 g6 8. d4 cxd4 9. Nxd4 Bg7 10. Nxc6 bxc6 11. Bxc6 Rb8 12. O-O O-O 13. Ba4 Qa5 14. Bb3 Nc5 15. Bd2 Qa6 16. Re1 e6 17. Be3 Qc6 18. Qg4 Bb7 19. Rad1 h5 20. Qh3 Nxb3 21. cxb3 a6 22. Rc1 Rfd8 23. Bf4 Rbc8 24. f3 Rd3 25. Na4 Qd7 26. Qg3 Rxc1 27. Rxc1 Rd1+ 28. Kf2 Bc6 29. Rxd1 Qxd1 30. Be3 Bb5 31. Qb8+ Kh7 32. h3 Qe2+ 33. Kg3 Qxe3 0-1


[Site "https://www.chess.com"]

[Event "Titled Tuesday Blitz December 13 Late 2022"]
[White "Kanyamarala, Trisha"]
[Black "Milikow, Yoav"]
[WhiteFideId "45004722"]
[BlackFideId "2822237"]
[WhiteElo "2412"]
[BlackElo "2762"]
[Result "0-1"]
[Round "01"]
[TimeControl "180+1"]
[Date "2022.12.14"]
[WhiteClock "0:00:02"]
[BlackClock "0:00:18"]

1. c4 e5 2. Nc3 Bb4 3. Nd5 Be7 4. g3 Nf6 5. Nxe7 Qxe7 6. Bg2 O-O 7. d3 c6 8. Nf3 d5 9. O-O dxc4 10. dxc4 Rd8 11. Qc2 Na6 12. a3 e4 13. Ng5 Bf5 14. Qc3 h6 15. Nh3 Nc7 16. Be3 c5 17. b4 b6 18. Rfd1 Rxd1+ 19. Rxd1 Rd8 20. Rb1 Ne6 21. Nf4 Nd4 22. Bf1 Kh7 23. bxc5 bxc5 24. Kg2 g5 25. Nd5 Nxd5 26. cxd5 Rxd5 27. Qc4 Qe6 28. Rb7 Bh3+ 29. Kg1 Rd7 30. Qxe6 Bxe6 31. Rxd7 Bxd7 32. Bd2 Bb5 33. Bc3 f5 34. e3 Nf3+ 35. Kg2 Bxf1+ 36. Kxf1 Kg6 37. Ke2 Kf7 38. h3 Ke6 39. g4 Ng1+ 40. Kf1 Nxh3 41. Kg2 fxg4 42. Kg3 Kf5 43. Bg7 h5 44. Bf8 h4+ 45. Kg2 c4 46. Bc5 a6 47. Bd4 a5 48. a4 Ke6 49. Bc3 Kd5 50. Bxa5 Kc5 51. Bc3 Kb6 52. Kh2 Nxf2 53. Kg2 g3 54. a5+ Kb5 55. Bf6 Ng4 56. Bxg5 c3 57. Be7 c2 58. Ba3 Nxe3+ 59. Kh3 g2 60. Kh2 h3 61. Kg1 Ng4 62. Bc1 e3 63. a6 Kxa6 0-1


[Site "https://www.chess.com"]

[Event "Titled Tuesday Blitz December 13 Late 2022"]
[White "Karas, Marek"]
[Black "Boros, Denes"]
[WhiteFideId "14928558"]
[BlackFideId "722340"]
[WhiteElo "2439"]
[BlackElo "2810"]
[Result "0-1"]
[Round "01"]
[TimeControl "180+1"]
[Date "2022.12.14"]
[WhiteClock "0:00:28"]
[BlackClock "0:01:56"]

1. d4 d6 2. e4 b6 3. Nc3 Bb7 4. Nf3 a6 5. Bc4 e6 6. a4 Ne7 7. Qe2 Ng6 8. O-O Be7 9. Be3 O-O 10. Rad1 Nd7 11. Bb3 Kh8 12. Rfe1 c5 13. dxc5 bxc5 14. Bc4 Qc7 15. Ng5 h6 16. Nh3 Nf6 17. f3 Rfd8 18. Nf4 Nxf4 19. Bxf4 Qb6 20. b3 Qb4 21. Nb1 d5 22. exd5 Bxd5 23. Bxd5 exd5 24. Qxe7 Re8 25. Bd2 Qd4+ 26. Be3 Qxd1 27. Qxe8+ Rxe8 28. Rxd1 Rxe3 29. Kf2 Re6 30. Nc3 d4 31. Ne2 Nd5 32. Ng3 g6 33. Ne4 Rc6 34. c3 f5 35. c4 Ne3 0-1


[Site "https://www.chess.com"]

[Event "Titled Tuesday Blitz December 13 Late 2022"]
[White "Kim, Sergey"]
[Black "Wieczorek, Zbigniew"]
[WhiteFideId "13700570"]
[BlackFideId "1102001"]
[WhiteElo "2592"]
[BlackElo "2230"]
[Result "1-0"]
[Round "01"]
[TimeControl "180+1"]
[Date "2022.12.14"]
[WhiteClock "0:00:36"]
[BlackClock "0:00:41"]

1. d4 g6 2. c4 Bg7 3. Nc3 d6 4. e4 Nf6 5. Nge2 O-O 6. Ng3 c5 7. d5 e6 8. Be2 exd5 9. cxd5 a6 10. a4 h5 11. Bg5 Nbd7 12. O-O Qc7 13. Qd2 Nh7 14. Bh4 f6 15. f4 Re8 16. Qc2 Ndf8 17. h3 g5 18. Bxh5 Re7 19. e5 gxh4 20. Nge4 fxe5 21. f5 Bf6 22. Bg6 Rg7 23. Bh5 b6 24. Qe2 Qe7 25. Bg4 Nd7 26. Bh5 Ng5 27. Bg6 Nxe4 28. Nxe4 Nf8 29. Qh5 Bd7 30. Ra3 Be8 31. g4 Nxg6 32. fxg6 Rxg6 33. Nxf6+ Rxf6 34. Qg5+ Kf7 35. Raf3 1-0


[Site "https://www.chess.com"]

[Event "Titled Tuesday Blitz December 13 Late 2022"]
[White "Klukin, Kirill"]
[Black "Ansh M Shah"]
[WhiteFideId "24199273"]
[BlackFideId "25033379"]
[WhiteElo "2300"]
[BlackElo "2084"]
[Result "0-1"]
[Round "01"]
[TimeControl "180+1"]
[Date "2022.12.14"]
[WhiteClock "0:01:54"]
[BlackClock "0:01:00"]

1. b3 Nf6 2. Bb2 d5 3. e3 c5 4. f3 Nc6 5. f4 g6 6. Nf3 Bg7 7. Bb5 O-O 8. Bxc6 bxc6 9. O-O a5 10. Be5 a4 11. Nc3 axb3 12. axb3 Bf5 13. Na4 c4 14. bxc4 dxc4 15. Nd4 Be4 16. Nc3 c5 17. Ndb5 Rxa1 18. Qxa1 Qxd2 19. Nxe4 Nxe4 20. Bxg7 Qxe3+ 21. Kh1 Rb8 22. Be5 Rd8 23. Qe1 Nf2+ 24. Kg1 Nh3+ 25. Kh1 Rd1 0-1


[Site "https://www.chess.com"]

[Event "Titled Tuesday Blitz December 13 Late 2022"]
[White "Kovacevic, Radmila"]
[Black "Danielyan, Vahe"]
[WhiteFideId "933171"]
[BlackFideId "13304828"]
[WhiteElo "2244"]
[BlackElo "2423"]
[Result "1/2-1/2"]
[Round "01"]
[TimeControl "180+1"]
[Date "2022.12.14"]
[WhiteClock "0:01:25"]
[BlackClock "0:02:36"]

1. e4 e5 2. d4 d6 3. dxe5 dxe5 4. Qxd8+ Kxd8 5. Nf3 Bd6 6. Bc4 Ke7 7. Nc3 c5 8. Nb5 Be6 9. Bxe6 fxe6 10. Be3 Nd7 11. Nxd6 Kxd6 12. O-O-O+ Ke7 13. Rxd7+ Kxd7 14. Nxe5+ Ke7 15. Bxc5+ Kf6 16. Bd4 Ke7 17. Bc5+ Kf6 18. Bd4 Ke7 19. Bc5+ 1/2-1/2


[Site "https://www.chess.com"]

[Event "Titled Tuesday Blitz December 13 Late 2022"]
[White "Kozak, Adam"]
[Black "Ronka, Erik"]
[WhiteFideId "753246"]
[BlackFideId "505080"]
[WhiteElo "2460"]
[BlackElo "2264"]
[Result "1-0"]
[Round "01"]
[TimeControl "180+1"]
[Date "2022.12.13"]
[WhiteClock "0:01:23"]
[BlackClock "0:00:13"]

1. c4 e6 2. Nc3 d5 3. d4 Nf6 4. g3 Be7 5. Bg2 O-O 6. Nf3 c6 7. O-O a5 8. Nd2 b5 9. cxb5 cxb5 10. Nxb5 Ba6 11. a4 Nc6 12. e4 Rb8 13. e5 Nd7 14. Nf3 Bxb5 15. axb5 Rxb5 16. h4 Nb4 17. Bf4 Nb6 18. b3 Qd7 19. Bh3 Rc8 20. Ng5 h6 21. Nxf7 Kxf7 22. Qh5+ g6 23. Qxh6 Rg8 24. Rac1 Qe8 25. h5 Qf8 26. Qh7+ Rg7 27. hxg6+ Ke8 28. Qh5 Kd7 29. Bh6 Qg8 30. Bxg7 Qxg7 31. Bxe6+ Kxe6 32. Qg4# 1-0


[Site "https://www.chess.com"]

[Event "Titled Tuesday Blitz December 13 Late 2022"]
[White "Krastev, Alexander"]
[Black "Bortnyk, Mykola"]
[WhiteFideId "12989983"]
[BlackFideId "14120836"]
[WhiteElo "2479"]
[BlackElo "2582"]
[Result "0-1"]
[Round "01"]
[TimeControl "180+1"]
[Date "2022.12.13"]
[WhiteClock "0:00:03"]
[BlackClock "0:00:23"]

1. e4 Nf6 2. e5 Nd5 3. d4 d6 4. c4 Nb6 5. exd6 exd6 6. Nc3 Be7 7. Bd3 O-O 8. Nge2 Bg4 9. O-O Bf6 10. Be3 Re8 11. b3 Nc6 12. Qd2 Bh5 13. Nf4 Bg6 14. Nxg6 hxg6 15. Bc2 Nb4 16. Rad1 Nxc2 17. Qxc2 Bg5 18. Qd3 Bxe3 19. fxe3 Qg5 20. Rf3 Re7 21. Rdf1 Rae8 22. e4 f5 23. exf5 gxf5 24. Qxf5 Qxf5 25. Rxf5 c6 26. Kf2 Nd7 27. Rd1 Nf6 28. h3 Re3 29. Nb1 Re2+ 30. Kg1 Rxa2 31. Rf2 Ra1 32. Nc3 Ra3 33. Rb1 Re3 34. Rf3 Re8 35. d5 a5 36. dxc6 bxc6 37. Rd3 Rd8 38. g4 d5 39. g5 Nh5 40. cxd5 Nf4 41. Rd4 Nxh3+ 42. Kg2 Nxg5 43. d6 Ne6 44. Rd2 Nc5 45. Ne2 Nxb3 46. Rd3 Ra2 47. Rbxb3 Rxe2+ 48. Kf3 Re6 49. d7 Re7 50. Rb7 c5 51. Rc7 c4 52. Rd4 c3 53. Rd5 a4 54. Rd4 Kh7 55. Rxc3 Rf7+ 56. Kg3 Rfxd7 57. Rh4+ Kg8 58. Rxa4 Rd6 59. Rg4 R8d7 60. Rc8+ Kf7 61. Rc3 g6 62. Rf4+ Kg7 63. Rcf3 g5 64. Rg4 Kg6 65. Ra3 Kh5 66. Rb4 Rd1 67. Rbb3 R7d2 68. Kf3 Rf1+ 69. Ke3 Rdf2 70. Ke4 Rf4+ 71. Ke5 Rf8 72. Rh3+ Kg6 73. Ra6+ R8f6 74. Rxf6+ Rxf6 75. Ke4 g4 76. Rh8 Kg5 77. Ke3 g3 78. Rg8+ Kh4 79. Ke2 Kh3 80. Rh8+ Kg2 81. Rg8 Kh2 82. Rh8+ Kg1 83. Rg8 g2 84. Rh8 Re6+ 85. Kf3 Kf1 86. Ra8 Rf6+ 87. Ke4 g1=Q 88. Ra1+ Kg2 89. Rxg1+ Kxg1 0-1


[Site "https://www.chess.com"]

[Event "Titled Tuesday Blitz December 13 Late 2022"]
[White "Kravtsiv, Martyn"]
[Black "Fernandez Garcia, Gumersindo"]
[WhiteFideId "14113147"]
[BlackFideId "24516740"]
[WhiteElo "2831"]
[BlackElo "2441"]
[Result "1-0"]
[Round "01"]
[TimeControl "180+1"]
[Date "2022.12.14"]
[WhiteClock "0:00:39"]
[BlackClock "0:00:16"]

1. e4 c5 2. Nf3 e6 3. d4 cxd4 4. Nxd4 Nf6 5. Nc3 Nc6 6. Ndb5 Bb4 7. a3 Bxc3+ 8. Nxc3 d5 9. exd5 exd5 10. Bd3 O-O 11. O-O Bg4 12. f3 Bh5 13. Ne2 Bg6 14. Nf4 Bxd3 15. Nxd3 Re8 16. Bf4 d4 17. Qd2 Nd5 18. Rae1 Nxf4 19. Qxf4 Qd5 20. b3 Rac8 21. h4 h6 22. Kh2 Rcd8 23. Qc7 Rxe1 24. Rxe1 Qd6+ 25. Qxd6 Rxd6 26. Re8+ Kh7 27. b4 Rd7 28. Rc8 a6 29. Kg3 Kg6 30. Kf2 Kf6 31. Nc5 Re7 32. Nxa6 Na7 33. Rc4 bxa6 34. Rxd4 Nb5 35. Rf4+ Ke6 36. a4 Nd6 37. c4 a5 38. c5 Nb7 39. c6 Nd6 40. b5 Rc7 41. Rd4 Rc8 42. g4 Ke5 43. Ke3 h5 44. Kd3 g6 45. Kc3 f5 46. gxh5 gxh5 47. Rd1 Nb7 48. Kc4 Kf4 49. Rd7 Nd8 50. Rxd8 Rxd8 51. c7 Rc8 52. b6 Ke5 53. Kc5 Ke6 54. Kc6 Ke7 55. b7 1-0


[Site "https://www.chess.com"]

[Event "Titled Tuesday Blitz December 13 Late 2022"]
[White "Kujawski, Adam"]
[Black "Gorodetzky, David"]
[WhiteFideId "1100920"]
[BlackFideId "2813416"]
[WhiteElo "2443"]
[BlackElo "2833"]
[Result "0-1"]
[Round "01"]
[TimeControl "180+1"]
[Date "2022.12.14"]
[WhiteClock "0:00:11"]
[BlackClock "0:02:27"]

1. e4 e6 2. d4 d5 3. Nc3 dxe4 4. Nxe4 Nd7 5. Nf3 Ngf6 6. Nxf6+ Nxf6 7. c3 a6 8. Bd3 c5 9. O-O cxd4 10. Nxd4 Bd6 11. Bg5 h6 12. Bh4 Qc7 13. Bg3 Bxg3 14. hxg3 b6 15. Re1 Bb7 16. Nxe6 fxe6 17. Bg6+ Ke7 18. Qe2 Qc6 19. f3 Rhd8 20. Kh2 Rd6 21. Rad1 Rxd1 22. Qxd1 Rd8 23. Qe2 Rd6 24. Qe3 Qc5 25. Qf4 Qg5 0-1


[Site "https://www.chess.com"]

[Event "Titled Tuesday Blitz December 13 Late 2022"]
[White "Kupervaser, Erez"]
[Black "Bluebaum, Matthias"]
[WhiteFideId "2814587"]
[BlackFideId "24651516"]
[WhiteElo "2251"]
[BlackElo "2634"]
[Result "0-1"]
[Round "01"]
[TimeControl "180+1"]
[Date "2022.12.13"]
[WhiteClock "0:00:07"]
[BlackClock "0:00:17"]

1. e4 e6 2. d4 d5 3. Nc3 Nf6 4. e5 Nfd7 5. f4 c5 6. Nf3 Nc6 7. Be3 a6 8. Qd2 b5 9. Ne2 b4 10. c3 a5 11. g3 Ba6 12. Bh3 bxc3 13. bxc3 cxd4 14. Nexd4 Nxd4 15. Nxd4 Nc5 16. Bf1 Qc8 17. Bxa6 Qxa6 18. Qe2 Be7 19. Qxa6 Rxa6 20. Ke2 O-O 21. Rab1 Rc8 22. Rhc1 g6 23. Rb5 Ne4 24. Kd3 a4 25. c4 Nc5+ 26. Ke2 Raa8 27. cxd5 exd5 28. Nf3 Ne4 29. Kd3 Rxc1 30. Bxc1 Rc8 31. Bb2 Nf2+ 32. Kd2 a3 33. Bd4 Ne4+ 34. Kd3 Bc5 35. Bxc5 Nxc5+ 36. Kd4 Ne4 37. Ra5 Nc3 38. Nd2 Nxa2 39. Rxa3 Nb4 40. Rc3 Nc6+ 41. Kd3 Nb4+ 42. Kd4 Ra8 43. Nf3 Ra4 44. Kc5 Kg7 45. Rb3 Nc2 46. Rb7 Rc4+ 47. Kxd5 Ne3+ 48. Kd6 Nf5+ 49. Kd5 Ne3+ 50. Kd6 h6 51. Nd4 Rxd4+ 52. Kc5 Rd2 53. e6 Rc2+ 54. Kd4 Nf5+ 55. Ke5 Re2+ 56. Kd5 Rxe6 0-1


[Site "https://www.chess.com"]

[Event "Titled Tuesday Blitz December 13 Late 2022"]
[White "Kuzmicz, Krystian"]
[Black "Brown, Andrew"]
[WhiteFideId "1119125"]
[BlackFideId "3206513"]
[WhiteElo "2379"]
[BlackElo "2245"]
[Result "1-0"]
[Round "01"]
[TimeControl "180+1"]
[Date "2022.12.14"]
[WhiteClock "0:00:38"]
[BlackClock "0:00:06"]

1. e4 c5 2. d3 Nc6 3. g3 g6 4. Bg2 Bg7 5. f4 d6 6. Nf3 Nf6 7. O-O O-O 8. Nc3 Rb8 9. h3 b5 10. g4 b4 11. Ne2 h6 12. f5 e6 13. Ng3 exf5 14. gxf5 Ne5 15. Be3 Re8 16. Nxe5 Rxe5 17. Qd2 g5 18. h4 Ng4 19. hxg5 Nxe3 20. Qxe3 Qxg5 21. Qxg5 hxg5 22. f6 Bh6 23. Kf2 Re6 24. Ke2 d5 25. Rf2 dxe4 26. Bxe4 Rbb6 27. Raf1 Bb7 28. Kd1 Bxe4 29. Nxe4 c4 30. Rh1 Rxe4 31. dxe4 Kh7 32. e5 Kg6 33. Rfh2 Bf8 34. Rh8 Bc5 35. R1h7 Kf5 36. Rxf7 Kxe5 37. Re8+ Kf5 38. Rc8 Bd4 39. Rxc4 Bxf6 40. Rxa7 g4 41. Ra5+ Be5 42. Rxe5+ Kxe5 43. Rxg4 Kd5 44. b3 Kc5 45. Kc1 Kb5 46. Kb2 Rf6 47. a4+ Ka5 48. Rg5+ Ka6 49. Rc5 Rf4 50. Rc4 1-0


[Site "https://www.chess.com"]

[Event "Titled Tuesday Blitz December 13 Late 2022"]
[White "Ladan, Nicholas"]
[Black "Jobava, Baadur"]
[WhiteFideId "30918855"]
[BlackFideId "13601520"]
[WhiteElo "2167"]
[BlackElo "2582"]
[Result "1/2-1/2"]
[Round "01"]
[TimeControl "180+1"]
[Date "2022.12.13"]
[WhiteClock "0:00:51"]
[BlackClock "0:00:45"]

1. d4 d5 2. c4 dxc4 3. Nf3 Nf6 4. e3 Bg4 5. Bxc4 e6 6. O-O Bd6 7. Nc3 Nc6 8. Be2 O-O 9. Bd2 a6 10. Rc1 Qe8 11. Ng5 Bxe2 12. Qxe2 Rd8 13. Nge4 Nxe4 14. Nxe4 f5 15. Nxd6 Rxd6 16. Rc5 f4 17. Qc4 f3 18. Rg5 h6 19. Rg3 fxg2 20. Rxg2 Qh5 21. Bb4 Nxb4 22. Qxb4 Qb5 23. Qxb5 axb5 24. f4 c6 25. b3 Kf7 26. Kf2 Ra8 27. Kf3 Rd5 28. Rfg1 g5 29. fxg5 hxg5 30. Rxg5 Rxg5 31. Rxg5 Rxa2 32. Rg2 Ra1 33. h4 Rb1 34. h5 Rxb3 35. h6 Rb1 36. Rg7+ Kf6 37. Rxb7 Rh1 38. h7 Kg6 39. Rc7 Rxh7 40. Rxc6 Kf6 41. Rb6 Rh5 42. Ke4 Rh4+ 43. Kd3 Rh5 44. e4 Rh3+ 45. Kd2 Rh4 46. Ke3 Rh3+ 47. Kf4 Rh4+ 48. Kf3 Ke7 49. Rxb5 Rh3+ 50. Kf4 Rh4+ 51. Ke3 Rh3+ 52. Ke2 Ra3 53. Rb4 Kf6 54. Rb5 Rh3 55. d5 exd5 56. Rxd5 Ke6 57. Rf5 Ra3 58. Rb5 Rh3 59. Kd2 Rg3 60. Rd5 Rh3 61. Rd3 Rxd3+ 62. Kxd3 Ke5 63. Ke3 Ke6 64. e5 Kxe5 1/2-1/2


[Site "https://www.chess.com"]

[Event "Titled Tuesday Blitz December 13 Late 2022"]
[White "Lashkin, Jegor"]
[Black "Pein, Jonathan"]
[WhiteFideId "13907808"]
[BlackFideId "417092"]
[WhiteElo "2851"]
[BlackElo "2448"]
[Result "1/2-1/2"]
[Round "01"]
[TimeControl "180+1"]
[Date "2022.12.14"]
[WhiteClock "0:00:08"]
[BlackClock "0:00:14"]

1. Nf3 g6 2. g3 Bg7 3. Bg2 e5 4. O-O Ne7 5. e4 O-O 6. d4 exd4 7. Nxd4 Nbc6 8. Be3 Re8 9. Nc3 d6 10. h3 f5 11. Qd2 fxe4 12. Nxe4 Nf5 13. Nxf5 Bxf5 14. Bg5 Qd7 15. Nf6+ Bxf6 16. Bxf6 Bxh3 17. Bd5+ Be6 18. Bh1 Qf7 19. Bc3 Ne5 20. f4 Nc6 21. Rae1 Qf5 22. Bxc6 bxc6 23. Qd4 Qc5 24. Qxc5 dxc5 25. a3 Bf5 26. Rc1 Re2 27. Rf2 Rxf2 28. Kxf2 Rd8 29. Ke3 Kf7 30. Be5 Rd7 31. Rh1 h5 32. Rh2 a6 33. Re2 Rd1 34. Bxc7 Rc1 35. c3 Rc2 36. Bb6 Ke6 37. Rxc2 Bxc2 38. Bxc5 Kd5 39. Bf8 a5 40. Kd2 Bb3 41. Be7 a4 42. Bd8 Ba2 43. Kd3 Bc4+ 44. Ke3 Bb3 45. f5 gxf5 46. Kf4 Ke6 47. Kg5 Bd1 48. Bb6 Bg4 49. Bd4 Kd5 50. Kf4 Kc4 51. Bf6 Kb3 52. c4 Kxc4 53. Ke3 Kd5 54. Bc3 Kc4 55. Be5 c5 56. Bc3 Kd5 57. Kf4 Kc4 58. Bf6 Kd5 59. Bc3 Kc4 60. Bf6 Kd5 61. Bc3 1/2-1/2


[Site "https://www.chess.com"]

[Event "Titled Tuesday Blitz December 13 Late 2022"]
[White "Levine, David"]
[Black "Cadena M, Gustavo Adolfo"]
[WhiteFideId "2011611"]
[BlackFideId "4404815"]
[WhiteElo "2150"]
[BlackElo "2259"]
[Result "0-1"]
[Round "01"]
[TimeControl "180+1"]
[Date "2022.12.14"]
[WhiteClock "0:00:21"]
[BlackClock "0:00:13"]

1. d4 Nf6 2. c4 c5 3. d5 b5 4. cxb5 a6 5. f3 g6 6. e4 d6 7. Nc3 Bg7 8. a4 O-O 9. bxa6 Nxa6 10. Bb5 Nb4 11. Nge2 e5 12. O-O Bd7 13. Ra3 Qb6 14. Kh1 Rfe8 15. Bg5 Bxb5 16. axb5 c4 17. Qd2 Nd7 18. Be3 Nc5 19. Rfa1 Rxa3 20. bxa3 Nbd3 21. a4 Qa5 22. Rb1 f5 23. g4 fxg4 24. fxg4 Rf8 25. Kg2 Nf4+ 26. Bxf4 exf4 27. Nd4 f3+ 28. Kf1 Nxa4 29. b6 Nxc3 30. b7 Rb8 31. Nc6 Rxb7 32. Rxb7 Qa1+ 33. Kf2 Nxe4+ 0-1


[Site "https://www.chess.com"]

[Event "Titled Tuesday Blitz December 13 Late 2022"]
[White "Marchesich, Giovanni"]
[Black "Averjanov, Alexey"]
[WhiteFideId "2824790"]
[BlackFideId "14109867"]
[WhiteElo "2200"]
[BlackElo "2636"]
[Result "0-1"]
[Round "01"]
[TimeControl "180+1"]
[Date "2022.12.14"]
[WhiteClock "0:00:01"]
[BlackClock "0:00:03"]

1. e4 c6 2. d4 d5 3. e5 Bf5 4. h4 h5 5. Bd3 Bxd3 6. Qxd3 e6 7. Nf3 Qa5+ 8. Nbd2 Qa6 9. c4 Bb4 10. O-O Nd7 11. Qb3 Bxd2 12. Bxd2 dxc4 13. Qc2 Ne7 14. Rfc1 Nb6 15. Bb4 Ned5 16. Bd6 Nc8 17. Ba3 Ncb6 18. Ng5 Qb5 19. Nxe6 fxe6 20. Qg6+ Kd8 21. Qxe6 Re8 22. Qf7 Rc8 23. Bd6 Qxb2 24. Rd1 Qe2 25. Qxg7 Qg4 26. Qf7 Rg8 27. g3 Qg6 28. Qf3 Qg4 29. Qf7 Qg6 30. Qxb7 c3 31. Rac1 Qe6 32. Re1 Qd7 33. Qa6 Qe6 34. Qd3 Re8 35. Kh2 Kd7 36. f4 Rg8 37. f5 Qh6 38. e6+ Kxd6 39. Qe4 Ke7 40. Qe5 Qf6 41. Qf4 Rg4 0-1


[Site "https://www.chess.com"]

[Event "Titled Tuesday Blitz December 13 Late 2022"]
[White "Marcolino, Daniel Mattos"]
[Black "Koutlas, Nikolaos"]
[WhiteFideId "2106841"]
[BlackFideId "25827138"]
[WhiteElo "2138"]
[BlackElo "2167"]
[Result "0-1"]
[Round "01"]
[TimeControl "180+1"]
[Date "2022.12.14"]
[WhiteClock "0:01:15"]
[BlackClock "0:01:26"]

1. d4 a6 2. Nf3 b5 3. g3 Bb7 4. Bg2 Nf6 5. O-O e6 6. a4 b4 7. c4 d5 8. Bg5 dxc4 9. Nbd2 c3 10. bxc3 bxc3 11. Nb1 Bb4 12. Qb3 a5 13. Nxc3 O-O 14. Rfd1 h6 15. Bxf6 Qxf6 16. d5 Qxc3 17. Qxc3 Bxc3 18. Rac1 Bb4 19. dxe6 fxe6 20. Rxc7 Bd5 21. e4 Bxe4 22. Nd4 Bxg2 23. Kxg2 Na6 24. Rc6 Nc5 25. Nxe6 Nxe6 26. Rxe6 Rae8 27. Rc6 Re2 0-1


[Site "https://www.chess.com"]